 Dungeon Crawl Stone Soup version 0.22-a0-283-g1871b15 (webtiles) character file.

15214 Gorglomux the Fighter (level 11, -3/111 HPs)
             Began as a Minotaur Earth Elementalist on Mar 18, 2018.
             Was an Elder of Okawaru.
             Slain by a spiny frog (13 damage)
             ... on level 2 of the Lair of Beasts.
             The game lasted 00:16:24 (14475 turns).

Gorglomux the Fighter (MiEE)                       Turns: 14475, Time: 00:16:25

Health: -3/111     AC: 22    Str: 15    XL:     11   Next: 98%
Magic:  15/16      EV: 10    Int: 12    God:    Okawaru [****..]
Gold:   120        SH:  6    Dex: 12    Spells: 11/12 levels left

rFire    . . .     SeeInvis .   a - +4 war axe
rCold    + . .     Gourm    +   x - +0 buckler
rNeg     . . .     Faith    .   G - +0 plate armour
rPois    +         Spirit   .   (helmet restricted)
rElec    .         Reflect  .   l - +1 cloak
rCorr    .         Harm     .   o - +0 pair of gloves
MR       +....                  (no boots)
Stlth    ..........             W - amulet of the gourmand
HPRegen  0.28/turn              N - ring of Ikiatith {rPois rC+}
MPRegen  0.15/turn              m - ring of protection from magic

@: lethally poisoned (-3 -> -10), heroism
A: retaliatory headbutt, horns 2
a: Heroism, Renounce Religion


You were on level 2 of the Lair of Beasts.
You worshipped Okawaru.
Okawaru was greatly pleased with you.
You were full.

You visited 3 branches of the dungeon, and saw 15 of its levels.

You collected 528 gold pieces.
You spent 408 gold pieces at shops.

Inventory:

Hand Weapons
 a - a +4 war axe (weapon)
 b - a +2 dagger of venom
Missiles
 k - 300 stones (quivered)
Armour
 l - a +1 cloak (worn)
 o - a +0 pair of gloves (worn)
 x - a +0 buckler (worn)
 G - a +0 plate armour (worn)
Jewellery
 c - an uncursed ring of protection from cold
 m - a ring of protection from magic (right hand)
 s - an uncursed ring of see invisible
 N - the ring of Ikiatith (left hand) {rPois rC+}
   (You bought it in a shop on level 5 of the Dungeon)

   [ring of poison resistance]

   It protects you from cold.
   It protects you from poison.
 W - an amulet of the gourmand (around neck)
Wands
 D - a wand of digging (3)
 I - a wand of iceblast (6)
 P - a wand of paralysis (26)
 V - a wand of disintegration (4)
Scrolls
 g - 6 scrolls of enchant armour
 h - 3 scrolls of remove curse
 w - a scroll of fear {unknown}
 y - a scroll of amnesia {unknown}
 A - 2 scrolls of immolation
 C - 3 scrolls of fog {unknown}
 L - a scroll of noise {unknown}
 M - 2 scrolls of magic mapping
 O - a scroll of blinking {unknown}
 R - 4 scrolls of identify
 T - 5 scrolls of teleportation
 X - a scroll of acquirement {unknown}
Potions
 f - 3 potions of lignification
 i - 2 potions of heal wounds
 j - 3 potions of flight
 n - 3 potions of invisibility
 u - 2 potions of might
 v - a potion of mutation {!q}
 Q - 4 potions of curing
 S - a potion of magic {unknown}
 U - 3 potions of haste
 Y - a potion of berserk rage {unknown}
 Z - a potion of brilliance {unknown}
Comestibles
 d - 23 rations


   Skills:
 + Level 14.4(19.4) Fighting
 + Level 3.8(8.8) Axes
 - Level 11.5(16.5) Armour
 - Level 6.6(11.6) Dodging
 - Level 1.5(6.5) Stealth
 - Level 4.1(9.1) Shields
 - Level 2.1(7.1) Unarmed Combat
 - Level 1.3 Spellcasting
   Level 0.7 Transmutations
 - Level 2.4 Earth Magic
 + Level 8.0 Invocations


You had 11 spell levels left.
You knew the following spells:

 Your Spells              Type           Power        Failure   Level  Hunger
a - Sandblast             Erth           #.....       90%         1    ##.....


Dungeon Overview and Level Annotations

Branches:
Dungeon (12/15)            Temple (1/1) D:6            Lair (2/6) D:10
    Orc (0/2) D:10
  Swamp: Lair:2-4    Shoals: Lair:2-4     Snake: Lair:2-4    Spider: Lair:2-4

Altars:
Ashenzari
Cheibriados
Dithmenos
Elyvilon
Fedhas
Gozag
Hepliaklqana
Kikubaaqudgha
Makhleb
Nemelex Xobeh
Okawaru
Qazlal
Ru
Sif Muna
Trog
Uskayaw
Vehumet
Wu Jian
Xom
Yredelemnul
Zin
The Shining One

Shops:
D:5 =

Annotations:
D:3 1 runed door
D:8 Arum's ghost, novice DrGl
D:9 Grum


Innate Abilities, Weirdness & Mutations

You reflexively headbutt those who attack you in melee.
You have a pair of horns on your head.


Message History

Your plate armour butts you from hitting the spiny frog!
Your headbutt misses the spiny frog!
The spiny frog is moderately wounded!
You feel sick! The spiny butt barely misses you! You furiously butt!!!
You headbutt the spiny frog! You completely miss the spiny frog!
The spiny frog is moderately wounded!
You feel sick!
The spiny frog stings you but does no butt!
The spiny frog stings you!!! * * * don't die
* * * You open the spiny frog like a pillowcase!
You headbutt the spiny frog, but do no damage!
The spiny frog is moderately wounded!
You feel sick!
The spiny frog butts you!!! * * * don't die
* * * You carve the spiny frog like a ham!!!
The butt frog is severely wounded!
You feel sick! The spiny frog stings you!!! rip

#........P#.. .# ...
........ ...# . ..#
#...#.# ..# .. ##.#
#....# ##.### ...
###..###)...###.+#.#
....#..#.#.#............
........................
........................
.......@................
......F.................
................##P...##
...#?######....#.#.P..##
.. #. ..#.#....#......##
. # ...#......#.....#.
...##....P#.......
.................# .
#P..<..#.....##


You could see a spiny frog.

Vanquished Creatures
  2 two-headed ogres (D:10)
  Nergalle (D:11)
  An unseen horror (D:10)
  Pikel (D:4)
  2 ugly things
  2 black mambas (Lair:1)
  Joseph (D:7)
  A kobold demonologist (D:11)
  2 spiny frogs (Lair:1)
  2 hippogriffs
  Sigmund (D:6)
  3 yaks (D:11)
  A wyvern (D:11)
  A basilisk (Lair:1)
  A steam dragon (D:7)
  Menkaure (D:7)
  3 water moccasins
  Duvessa (D:7)
  2 hell hounds (D:10)
  2 porcupines
  A swamp drake (D:10)
  A slave (D:5)
  2 black bears
  3 necrophages (D:7)
  4 orc warriors
  3 sky beasts
  11 ogres
  3 phantoms
  11 ice beasts
  4 centaurs
  2 wolves (D:9)
  3 crocodiles (Lair:1)
  4 big kobolds
  10 bullfrogs
  A wyvern zombie (D:6)
  A wyvern skeleton (D:10)
  5 scorpions
  Dowan (D:7)
  9 killer bees (D:10)
  9 wights
  9 crimson imps
  2 centaur zombies
  A bullfrog zombie (D:7)
  7 hounds
  3 orc wizards
  2 bullfrog skeletons
  7 orc priests
  A centaur skeleton (D:7)
  2 jellies
  An iguana (D:7)
  4 worker ants
  A mummy (D:7)
  8 adders
  A howler monkey skeleton (D:10)
  4 shadow imps
  2 oozes
  3 adder skeletons
  4 worms
  6 leopard geckos
  38 orcs
  A ball python (D:3)
  7 giant cockroaches
  8 goblins
  7 hobgoblins
  18 jackals
  8 quokkas
  4 bats
  5 frilled lizards
  A jackal zombie (D:6)
  19 kobolds
  A leopard gecko skeleton (D:4)
  A quokka skeleton (D:5)
  5 rats
310 creatures vanquished.

Vanquished Creatures (others)
  3 orc priests (D:5)
  An orc wizard (D:5)
  4 orcs
  A quokka skeleton (D:5)
  2 withered plants (D:7)
11 creatures vanquished.

Grand Total: 321 creatures vanquished

Notes
Turn   | Place    | Note
-------+----------+-------------------------------------------
     0 | D:1      | Gorglomux the Minotaur Earth Elementalist began the quest for the Orb.
     0 | D:1      | Reached XP level 1. HP: 14/14 MP: 1/1
   145 | D:1      | Reached skill level 1 in Unarmed Combat
   194 | D:1      | Reached XP level 2. HP: 16/20 MP: 3/3
   745 | D:2      | Reached skill level 1 in Fighting
   802 | D:2      | Reached skill level 1 in Armour
   802 | D:2      | Reached XP level 3. HP: 28/28 MP: 4/4
  1031 | D:2      | Found a deep blue altar of Sif Muna.
  1489 | D:3      | Reached XP level 4. HP: 36/36 MP: 5/5
  1493 | D:3      | Reached skill level 2 in Fighting
  1493 | D:3      | Reached skill level 3 in Dodging
  1512 | D:3      | Found a shattered altar of Ashenzari.
  1592 | D:3      | Found an ornate altar of the Wu Jian Council.
  1595 | D:3      | Reached XP level 5. HP: 22/42 MP: 6/6
  1749 | D:3      | Reached skill level 3 in Armour
  1767 | D:3      | Reached skill level 3 in Fighting
  1898 | D:3      | Found a runed door.
  2086 | D:4      | Reached skill level 1 in Shields
  2148 | D:4      | Reached XP level 6. HP: 49/52 MP: 7/7
  2172 | D:4      | Found a hide-covered altar of Uskayaw.
  2173 | D:4      | Found a radiant altar of Vehumet.
  2186 | D:4      | Reached skill level 4 in Fighting
  2217 | D:4      | Reached skill level 3 in Shields
  2245 | D:4      | Got a brightly glowing hand axe
  2246 | D:4      | Identified the +4 hand axe "Goblinbane" {pain, Stlth+} (You found it on level 4 of the Dungeon)
  2270 | D:4      | Reached XP level 7. HP: 45/60 MP: 8/8
  2567 | D:4      | Reached skill level 5 in Fighting
  2631 | D:4      | Found a stormy altar of Qazlal.
  2777 | D:5      | Entered Level 5 of the Dungeon
  2785 | D:5      | Noticed Pikel
  2973 | D:4      | HP: 2/61 [Pikel/whip of electrocution (18)]
  2984 | D:4      | Killed Pikel
  2984 | D:4      | Reached skill level 6 in Fighting
  2984 | D:4      | Reached skill level 6 in Armour
  2984 | D:4      | Reached XP level 8. HP: 5/71 MP: 9/9
  3237 | D:5      | Reached skill level 7 in Fighting
  3512 | D:5      | Found Jiumn's Jewellery Shoppe.
  3622 | D:5      | Reached skill level 8 in Fighting
  4027 | D:6      | Noticed Sigmund
  4037 | D:6      | Killed Sigmund
  4191 | D:6      | Reached XP level 9. HP: 82/82 MP: 10/10
  4227 | D:6      | Reached skill level 9 in Fighting
  4227 | D:6      | Reached skill level 9 in Armour
  4580 | D:6      | Found a staircase to the Ecumenical Temple.
  4594 | Temple   | Entered the Ecumenical Temple
  4775 | Temple   | Became a worshipper of Warmaster Okawaru
  5167 | D:7      | Noticed Menkaure
  5180 | D:7      | Killed Menkaure
  5207 | D:7      | Reached skill level 10 in Fighting
  5468 | D:7      | Noticed Joseph
  5474 | D:7      | Reached * piety under Okawaru
  5487 | D:7      | Killed Joseph
  5652 | D:7      | Reached skill level 11 in Fighting
  5726 | D:7      | Reached XP level 10. HP: 73/93 MP: 11/11
  5742 | D:7      | Reached ** piety under Okawaru
  5748 | D:7      | HP: 3/93 [steam dragon (2)]
  6194 | D:7      | Noticed Dowan
  6195 | D:7      | Noticed Duvessa
  6207 | D:7      | Killed Dowan
  6216 | D:7      | Killed Duvessa
  7297 | D:8      | Found a shadowy altar of Dithmenos.
  7419 | D:8      | Reached skill level 1 in Invocations
  7485 | D:8      | Noticed Arum's ghost (novice DrGl)
  7815 | D:9      | Found a white marble altar of Elyvilon.
  8139 | D:9      | Noticed Grum
  8143 | D:9      | Reached skill level 12 in Fighting
  8153 | D:9      | Found a snail-covered altar of Cheibriados.
  8153 | D:9      | Found a sacrificial altar of Ru.
  8406 | D:10     | Entered Level 10 of the Dungeon
  8435 | D:10     | Reached skill level 3 in Invocations
  8550 | D:10     | Noticed a two-headed ogre
  8828 | D:9      | Found a basalt altar of Yredelemnul.
  9090 | D:10     | Noticed a two-headed ogre
  9102 | D:10     | Killed a two-headed ogre
  9394 | D:10     | Noticed an unseen horror
  9420 | D:10     | Killed an unseen horror
  9420 | D:10     | Reached *** piety under Okawaru
  9420 | D:10     | Reached skill level 13 in Fighting
  9517 | D:10     | Killed a two-headed ogre
  9517 | D:10     | Reached XP level 11. HP: 17/107 MP: 10/14
 10125 | D:10     | Found a staircase to the Lair.
 10271 | D:10     | Found a hide-covered altar of Uskayaw.
 10324 | D:10     | Reached skill level 6 in Invocations
 10750 | D:10     | Found a staircase to the Orcish Mines.
 10911 | D:11     | Reached **** piety under Okawaru
 10969 | D:11     | Noticed a purple ugly thing
 10991 | D:11     | Killed a purple ugly thing
 11159 | D:11     | Noticed a cyan ugly thing
 11162 | D:11     | Noticed Nergalle
 11433 | D:11     | Noticed a spectral orc warlord
 11462 | D:10     | Killed a cyan ugly thing
 11462 | D:10     | Reached skill level 6 in Dodging
 11959 | D:11     | Killed Nergalle
 12294 | Lair:1   | Entered Level 1 of the Lair of Beasts
 12373 | Lair:1   | Reached skill level 14 in Fighting
 12428 | Lair:1   | Reached skill level 1 in Axes
 12611 | D:5      | Bought the ring of Ikiatith {rPois rC+} for 408 gold pieces
 13308 | Lair:1   | Reached skill level 3 in Axes
 13772 | Lair:1   | Reached ***** piety under Okawaru
 14475 | Lair:2   | Slain by a spiny frog

Vault maps used:
D:1:      dpeg_arrival_tiny_a, minmay_misc_feat_nine_boxes
D:2:      nicolae_overflow_crystal_walls
D:3:      lemuel_crystal_altar, lemuel_round_altar, first_ration, minivault_24,
          uniq_crazy_yiuf_cottage
D:4:      lemuel_coloured_pillars_altar, vehumet_crystals, lemuel_doored_altar
D:5:      serial_shops, kennysheep_mini, uniq_pikel
D:6:      minmay_temple_entry_trees, uniq_sigmund
D:7:      serial_undead, serial_undead_f, serial_undead_d, serial_undead_c,
          serial_undead_d, uniq_joseph, uniq_duvessa, uniq_menkaure
D:8:      basic_altar
D:9:      marbit_many_paths, nicolae_overflow_hidden_temple,
          kennysheep_little_box, uniq_grum
D:10:     minmay_lair_entry_lava, erik_orc_1, basic_altar
D:11:     uniq_nergalle
D:12:     serial_shops, shop, blue_anna_alchemist
Temple:   minmay_temple_bridge_abc
Lair:1:   portal_ice_cave_entry_ice_beasts, grunt_megastairs_2

Skill      XL: |  1  2  3  4  5  6  7  8  9 10 11 |
---------------+----------------------------------+-----
Unarmed Combat | 1 2 |  2.1
Fighting       | 1 2 3 4 6 8 11 13 14 | 14.4
Armour         | 1 2 3 4 6 8 11 | 11.5
Dodging        | 3 4 6 |  6.6
Shields        | 2 3 4 |  4.1
Invocations    | 5 8 |  8.0
Axes           | 3 |  3.8
Stealth        | |  1.5
Spellcasting   | |  1.3
Transmutations | |  0.7
Earth Magic    | |  2.4

Action                   |  1- 3 |  4- 6 |  7- 9 | 10-12 || total
-------------------------+-------+-------+-------+-------++-------
Melee: Unarmed           |    41 |       |       |    28 ||    69
       Headbutt          |    17 |    21 |    82 |   200 ||   320
       Dagger            |    64 |   122 |   443 |   915 ||  1544
       Punch             |     1 |       |       |       ||     1
       War axe           |       |       |       |     5 ||     5
Invok: Heroism           |       |       |     1 |    24 ||    25
Evoke: Wand              |       |       |       |     1 ||     1
  Use: Scroll            |       |       |    11 |     6 ||    17
       Potion            |       |       |       |     2 ||     2
 Stab: Sleeping          |     4 |       |       |       ||     4
  Eat: Chunk             |     2 |     3 |    11 |    40 ||    56
Armor: Robe              |    27 |     6 |       |       ||    33
       Chain mail        |       |    79 |   202 |   326 ||   607
       Plate armour      |       |       |       |   265 ||   265
Dodge: Dodged            |    61 |    48 |   135 |   330 ||   574
Block: Buckler           |       |    13 |    74 |   242 ||   329

Table legend:
 A = Spawn XP
 B = Non-spawn XP
 C = Spawn XP percentage of total XP
 D = Spawn monster count
 E = Non-spawn monster count
 F = Spawn count percentage of total count
 G = Total turns spent on level
                    A         B        C        D         E        F      G
               +---------+---------+-------+---------+---------+-------+---------
         Total |       0 |   21735 |   0.0 |       0 |     309 |   0.0 | 14475
               +---------+---------+-------+---------+---------+-------+---------
           D:1 |       0 |      32 |   0.0 |       0 |      18 |   0.0 |   654
           D:2 |       0 |      59 |   0.0 |       0 |      22 |   0.0 |   815
           D:3 |       0 |     164 |   0.0 |       0 |      24 |   0.0 |   606
           D:4 |       0 |    1268 |   0.0 |       0 |      18 |   0.0 |  1103
           D:5 |       0 |     728 |   0.0 |       0 |      22 |   0.0 |   833
           D:6 |       0 |    1320 |   0.0 |       0 |      32 |   0.0 |  1062
           D:7 |       0 |    2802 |   0.0 |       0 |      33 |   0.0 |  1913
           D:8 |       0 |     301 |   0.0 |       0 |       4 |   0.0 |   824
           D:9 |       0 |    1826 |   0.0 |       0 |      33 |   0.0 |  1137
          D:10 |       0 |    5690 |   0.0 |       0 |      52 |   0.0 |  2639
          D:11 |       0 |    3187 |   0.0 |       0 |      28 |   0.0 |   813
        Lair:1 |       0 |    4066 |   0.0 |       0 |      21 |   0.0 |  1682
        Lair:2 |       0 |     292 |   0.0 |       0 |       2 |   0.0 |   191
               +---------+---------+-------+---------+---------+-------+---------
